Map: Dusk Towers

Players

MoosyDoosy

  • Race: Zerg Zerg
  • League: Silver

Heavyhat - Winner!

  • Race: Terran Terran
  • League: Gold

VOD

Have the link to the VOD?

Description

Time

  • Played on: May 18, 2016, 8:14 a.m.
  • Length: 17:52
Show
View Real Time Build Order
Export as new Build Order

MoosyDoosy Zerg 

Build Orders: Hatch First, Lurkers 

Get SALT Encoding   

  12  0:00  Drone  
  13  0:14  Overlord  
  13  0:17  Drone  
  14  0:32  Drone x2  
  16  0:38  Drone  
  17  0:53  Hatchery  
  17  0:56  Drone  
  17  0:58  Drone  
  18  1:10  Extractor  
  17  1:14  Spawning Pool  
  17  1:16  Drone  
  17  1:19  Drone  
  18  1:29  Drone  
  19  1:41  Overlord  
  19  1:52  Drone  
  20  2:00  Queen  
  22  2:02  Zergling x2  
  22  2:04  Queen  
  22  2:05  Zergling x2  
  26  2:13  Metabolic Boost  
  26  2:15  Overlord  
  26  2:18  Drone  
  27  2:24  Drone  
  27  2:28  Drone  
  29  2:34  Drone  
  30  2:40  Overlord  
  30  2:53  Drone x2  
  30  2:58  Overlord  
  32  3:03  Drone  
  33  3:06  Drone  
  33  3:07  Hatchery  
  33  3:12  Overlord  
  33  3:15  Drone x3  
  33  3:17  Drone  
  37  3:20  Drone x2  
  37  3:22  Drone  
  40  3:29  Drone  
  40  3:32  Drone  
  42  3:39  Drone  
  43  3:43  Drone  
  44  3:48  Extractor  
  44  3:49  Drone  
  44  3:50  Drone x2  
  44  3:52  Extractor  
  44  3:53  Lair  
  44  3:54  Drone x3  
  48  3:58  Queen  
  48  3:59  Overlord  
  48  4:00  Drone  
  51  4:04  Extractor  
  50  4:10  Drone x2  
  50  4:14  Drone x2  
  54  4:19  Drone  
  54  4:20  Queen, Drone x3  
  54  4:21  Overlord  
  60  4:24  Drone  
  60  4:25  Drone  
  60  4:30  Roach Warren, Drone  
  62  4:35  Evolution Chamber, Drone  
  62  4:38  Zergling x2  
  62  4:41  Zergling x2  
  62  4:44  Zergling x2  
  65  4:51  Queen  
  67  4:56  Hydralisk Den  
  67  4:57  Zergling x12  
  70  5:13  Zergling x6  
  71  5:29  Hatchery  
  71  5:34  Lurker Den  
  70  5:38  Hatchery, Zerg Missile Weapons Level 1  
  70  5:39  Drone  
  70  5:40  Drone x3  
  73  5:57  Overseer  
  73  5:58  Overseer  
  73  6:00  Overseer  
  73  6:02  Hydralisk  
  75  6:05  Overlord x2  
  75  6:15  Overlord x2  
  75  6:34  Hydralisk x7  
  89  6:52  Drone x2  
  89  6:53  Drone x7  
  98  6:54  Queen  
  98  6:56  Extractor  
  98  6:57  Queen  
  98  6:58  Extractor  
  98  6:59  Drone  
  98  7:00  Drone  
  102  7:01  Drone  
  102  7:04  Lurker x4  
  107  7:23  Drone x3  
  107  7:24  Hydralisk  
  107  7:25  Hydralisk x3  
  107  7:27  Overlord x2  
  107  7:29  Lurker  
  117  8:12  Hydralisk  
  114  8:13  Hydralisk x8  
  117  8:22  Zergling x16  
  120  8:36  Hydralisk x4  
  120  8:37  Hydralisk x2  
  118  8:51  Hydralisk  
  118  8:52  Hydralisk x5  
  118  8:54  Overlord  
  109  9:11  Queen  
  109  9:15  Hatchery  
  110  9:18  Muscular Augments  
  110  9:22  Lurker x2  
  110  9:24  Zergling x16  
  113  9:26  Overlord  
  120  9:32  Zerg Ground Armor Level 1  
  120  9:35  Hydralisk  
  120  9:36  Hydralisk x2  
  120  9:38  Lurker x2  
  128  9:44  Overlord x2  
  128  9:45  Zergling x8  
  132  9:55  Drone  
  132  9:56  Drone x2  
  133  10:23  Hydralisk x3  
  133  10:24  Hydralisk x7  
  133  10:26  Overlord x3  
  133  10:27  Overlord  
  153  10:30  Queen  
  123  11:07  Drone x2  
  123  11:08  Drone x3  
  123  11:11  Drone x4  
  127  11:13  Queen  
  130  11:19  Zergling x14  
  130  11:20  Zergling x12  
  143  11:28  Pneumatized Carapace  
  143  11:52  Hatchery  
  143  12:15  Drone x2  
  143  12:16  Extractor, Drone  
  143  12:22  Zerg Missile Weapons Level 2  
  144  12:30  Lurker x3  
  144  12:31  Lurker  
  144  12:32  Overlord x2  
  144  12:34  Hydralisk x8  
  144  12:35  Hydralisk  
  142  13:25  Hydralisk x4  
  142  13:26  Hydralisk x27  
  104  14:03  Hydralisk x15  
  95  14:21  Hydralisk x5  
  93  14:38  Zerg Ground Armor Level 2  
  90  14:57  Queen  
  90  14:58  Queen  
  89  15:08  Lurker x4  
  93  15:17  Hydralisk x4  
  93  15:20  Zergling x22  
  101  16:01  Hydralisk x5  
  101  16:04  Zergling x8  
  114  16:13  Hatchery  
  113  16:18  Hatchery  
  112  16:41  Lurker x3  
  112  16:46  Extractor  
  114  16:56  Overlord x2  
  114  17:00  Lurker  
  115  17:03  Extractor  
  115  17:07  Extractor  
  113  17:10  Extractor  
  112  17:17  Drone x3  
  112  17:18  Drone x2  
  112  17:19  Drone  
  118  17:24  Lurker  
Show
View Real Time Build Order
Export as new Build Order

Heavyhat Terran - Winner!

Build Orders:  

Get SALT Encoding   

  12  0:01  SCV  
  13  0:13  SCV  
  14  0:18  Supply Depot  
  14  0:25  SCV  
  15  0:29  Refinery  
  15  0:39  SCV  
  16  0:46  Barracks  
  16  0:51  SCV  
  17  1:03  SCV  
  18  1:16  SCV  
  19  1:28  SCV  
  20  1:36  Reaper  
  21  1:40  Orbital Command  
  21  1:53  Command Center  
  21  2:04  Factory  
  21  2:05  SCV  
  22  2:09  Barracks Reactor  
  22  2:17  SCV  
  23  2:27  Supply Depot  
  23  2:48  SCV  
  24  2:55  Marine x2  
  24  2:56  Factory Tech Lab  
  26  3:00  SCV  
  26  3:02  Command Center  
  27  3:06  Refinery  
  27  3:07  SCV  
  27  3:12  SCV  
  29  3:19  Marine x2  
  30  3:20  Siege Tank  
  30  3:22  SCV  
  35  3:31  SCV  
  36  3:35  SCV  
  36  3:40  Marine x2  
  38  3:43  SCV  
  38  3:46  Starport  
  39  3:52  SCV  
  40  3:57  Supply Depot, SCV  
  41  4:03  Marine x2  
  41  4:04  Siege Tank  
  46  4:13  SCV  
  47  4:17  SCV  
  48  4:24  Marine  
  48  4:25  Marine, SCV  
  48  4:27  Starport Reactor, Barracks  
  48  4:29  SCV  
  52  4:34  Barracks  
  52  4:36  Siege Tank  
  55  4:42  Marine x2  
  51  5:14  Marine x2  
  51  5:15  Medivac, Siege Tank  
  51  5:16  SCV  
  51  5:19  SCV x2  
  58  5:24  Supply Depot  
  58  5:27  Barracks Tech Lab  
  58  5:28  SCV  
  59  5:31  Supply Depot x2  
  59  5:37  SCV  
  59  5:38  SCV  
  59  5:39  Engineering Bay  
  59  5:40  Engineering Bay, SCV  
  59  5:41  Medivac  
  64  5:48  Barracks Reactor  
  64  5:49  Marine x2  
  66  5:50  SCV x2  
  66  5:55  Refinery  
  68  5:57  Refinery  
  68  6:04  SCV  
  68  6:05  SCV x2  
  68  6:09  Supply Depot  
  68  6:10  Marine x2  
  73  6:11  Siege Tank  
  76  6:21  Refinery  
  76  6:23  Refinery  
  76  6:24  SCV x3  
  79  6:28  Supply Depot x2  
  79  6:36  Orbital Command  
  79  6:37  Planetary Fortress  
  79  6:48  Missile Turret  
  79  6:49  Marine x3  
  79  6:50  Missile Turret, Siege Tank  
  79  6:51  SCV  
  86  6:54  Marine  
  87  7:03  SCV  
  87  7:07  Medivac x2, SCV  
  93  7:11  Command Center  
  93  7:17  Marine x4, Barracks  
  93  7:18  SCV x2  
  93  7:19  Stimpack  
  93  7:22  Terran Infantry Weapons Level 1  
  99  7:23  Terran Infantry Armor Level 1  
  99  7:32  Siege Tank  
  102  7:44  Marine  
  102  7:45  Marine x2  
  89  8:46  Marine  
  89  8:47  Marine x3  
  89  8:48  Medivac x2, Siege Tank  
  91  8:49  SCV x2  
  85  9:00  SCV  
  85  9:01  SCV  
  78  9:10  SCV  
  78  9:12  SCV  
  78  9:15  Marine x3  
  78  9:16  Marine  
  84  9:19  Barracks Tech Lab  
  84  9:20  Armory  
  84  9:22  Siege Tank  
  84  9:23  Medivac x2  
  84  9:24  SCV x2  
  93  9:32  Marine  
  93  9:33  SCV  
  93  9:34  Marine x2  
  93  9:35  Marine  
  93  9:36  Liberator  
  93  9:37  Liberator  
  98  9:49  Marine  
  98  9:51  SCV  
  98  9:52  SCV x2  
  108  10:00  Marine x4  
  108  10:01  Siege Tank  
  108  10:06  SCV x2  
  117  10:10  Barracks  
  117  10:27  Terran Infantry Weapons Level 2, Terran Infantry Armor Level 2  
  117  10:29  Terran Vehicle Weapons Level 1  
  117  10:30  Marine  
  117  10:31  Marine x3  
  117  10:32  Marauder  
  117  10:33  Supply Depot  
  112  11:06  Marine x3  
  112  11:07  Marine, Medivac, Siege Tank, Marauder  
  112  11:08  Medivac  
  119  11:24  SCV x3  
  122  11:26  Liberator x2  
  122  11:29  Barracks  
  122  11:30  Barracks  
  122  11:36  SCV x2  
  122  11:38  Combat Shields  
  124  11:40  Marine x3  
  124  11:41  Marine, Marauder  
  124  11:42  Siege Tank  
  124  11:44  SCV  
  124  11:45  Barracks x2  
  140  12:07  Planetary Fortress  
  140  12:14  Barracks Reactor  
  140  12:25  Barracks Reactor x2  
  140  12:31  Marine x3, Marauder x2, Siege Tank, SCV x3  
  140  12:34  Ghost Academy  
  153  12:39  Barracks  
  153  12:40  Barracks Reactor x2  
  153  12:41  Marine  
  153  12:43  SCV x3  
  157  12:48  Marine  
  158  12:55  SCV  
  159  13:04  Marine x7  
  159  13:05  Marauder  
  121  14:03  Marine x4  
  121  14:04  Marauder  
  121  14:07  Orbital Command  
  109  14:22  Marine x5  
  109  14:23  Marine x2, Marauder  
  115  14:25  Marauder  
  115  14:29  SCV  
  116  14:45  Marine x3  
  111  14:46  Marine x8  
  111  14:47  Marine x3  
  111  14:48  Marauder  
  111  14:49  Siege Tank  
  111  14:51  Marine  
  123  15:03  Marine  
  121  15:10  Marauder  
  123  15:17  Marine x7  
  123  15:18  Marine x6  
  123  15:19  Marine  
  132  15:31  Marine  
  132  15:32  Marine  
  132  15:34  Marine  
  132  15:35  Marine, SCV x2  
  133  15:36  SCV  
  133  15:37  Marauder  
  133  15:39  SCV  
  138  15:44  Liberator x2  
  138  15:47  SCV  
  139  15:55  Command Center  
  118  15:57  Marine x2  
  118  15:58  Marine x8  
  118  15:59  Marine x4  
  118  16:00  Marauder  
  118  16:03  Command Center, Siege Tank, Marauder  
  141  16:10  Command Center  
  141  16:16  Marine x3  
  141  16:17  Marine x4  
  148  16:27  Supply Depot x3  
  148  16:29  Supply Depot  
  148  16:43  Missile Turret  
  148  16:48  Marine x4, Missile Turret, SCV  
  148  16:51  Missile Turret  
  153  17:06  Marine x4  
  153  17:07  Marauder  
  155  17:32  Marine x4  
Tags
 
Composition
Lurkers
Matchup
TvZ
Add a new tag
Caveats
  • Supply blocks, unpowered buildings, or Contaminate may cause inaccurate times.
  • Supply counts are checked every 10 seconds.